3L
MONTANA PANDAS @ BROOKLYN DODGERS
08/30/2034
 
TOP OF THE 1ST
Montana Pandas batting - Pitching for Brooklyn Dodgers : RHP Pablo De La Torre
Pitching: RHP Pablo De La Torre
Batting: RHB Juanito González 0-0: Ground out 6-3 (Groundball, 6D)
Batting: RHB Juan Jose Ayala 0-0: Called Strike
0-1: Ball
1-1: Called Strike
1-2: Ball
2-2: Fly out, F6 (Line Drive, 6)
Batting: RHB Mario Castillo 0-0: Ball
1-0: SOLO HOME RUN (Flyball, 7LD), Distance : 355 ft
Batting: LHB Preston Witt 0-0: Called Strike
0-1: Foul Ball, location: 2F
0-2: Ball
1-2: Ball
2-2: Ball
3-2: Foul Ball, location: 2F
3-2: Foul Ball, location: 2F
3-2: Foul Ball, location: 2F
3-2: Fly out, F9 (Flyball, 9S)
Top of the 1st over - 1 run, 1 hit, 0 errors, 0 left on base; Montana 1 - Brooklyn 0
BOTTOM OF THE 1ST
Brooklyn Dodgers batting - Pitching for Montana Pandas : LHP Walt Coffman
Pitching: LHP Walt Coffman
Batting: RHB Gerald Clark 0-0: Ball
1-0: Swinging Strike
1-1: Swinging Strike
1-2: Foul Ball, location: 2F
1-2: Strikes out swinging
Batting: SHB Félix Medina 0-0: Called Strike
0-1: Ball
1-1: Called Strike
1-2: Foul Ball, location: 2F
1-2: Ball
2-2: Strikes out swinging
Batting: RHB Ilkka Haapajarvi 0-0: Ball
1-0: Ball
2-0: Called Strike
2-1: Called Strike
2-2: Ball
3-2: Strikes out swinging
Bottom of the 1st over - 0 runs, 0 hits, 0 errors, 0 left on base; Montana 1 - Brooklyn 0
TOP OF THE 2ND
Montana Pandas batting - Pitching for Brooklyn Dodgers : RHP Pablo De La Torre
Batting: RHB António Martínez 0-0: Called Strike
0-1: Swinging Strike
0-2: Foul Ball, location: 2F
0-2: Foul Ball, location: 2F
0-2: Fly out, F8 (Flyball, 8LXD)
Batting: RHB Gabriel Maldonado 0-0: Ball
1-0: Swinging Strike
1-1: Ball
2-1: Foul Ball, location: 2F
2-2: Strikes out looking
Batting: RHB Xi-ku See-to 0-0: Called Strike
0-1: Called Strike
0-2: Strikes out swinging passed ball, reaches first!
Batting: LHB César Gómes 0-0: Ball
1-0: Swinging Strike
1-1: Ball
2-1: Called Strike
2-2: Strikes out looking
Top of the 2nd over - 0 runs, 0 hits, 0 errors, 1 left on base; Montana 1 - Brooklyn 0
BOTTOM OF THE 2ND
Brooklyn Dodgers batting - Pitching for Montana Pandas : LHP Walt Coffman
Batting: LHB Frank Sharp 0-0: Called Strike
0-1: Called Strike
0-2: Strikes out swinging
Batting: SHB Peer van Lochem 0-0: Called Strike
0-1: Foul Ball, location: 2F
0-2: Fly out, F8 (Flyball, 78D)
Batting: RHB Cooper Lowe 0-0: Called Strike
0-1: Called Strike
0-2: Strikes out swinging
Bottom of the 2nd over - 0 runs, 0 hits, 0 errors, 0 left on base; Montana 1 - Brooklyn 0
TOP OF THE 3RD
Montana Pandas batting - Pitching for Brooklyn Dodgers : RHP Pablo De La Torre
Batting: RHB Miguel Morán 0-0: Ball
1-0: Called Strike
1-1: Foul Ball, location: 2F
1-2: Hit by Pitch
Batting: RHB Juanito González 0-0: Ball
1-0: Foul Ball, location: 2F
1-1: Fly out, F8 (Flyball, 8RXD)
Batting: RHB Juan Jose Ayala 0-0: SINGLE (Groundball, 56D)
Miguel Morán to second
Batting: RHB Mario Castillo 0-0: Ball
1-0: Swinging Strike
1-1: Ball
2-1: Ball
3-1: Foul Ball, location: 2F
3-2: Base on Balls
Miguel Morán to third
Juan Jose Ayala to second
Batting: LHB Preston Witt 0-0: Fly out, F9 (Flyball, 9S)
Batting: RHB António Martínez 0-0: Ball
1-0: Ball
2-0: Foul Ball, location: 2F
2-1: Foul Ball, location: 2F
2-2: Ground out 6-3 (Groundball, 6S)
Top of the 3rd over - 0 runs, 1 hit, 0 errors, 3 left on base; Montana 1 - Brooklyn 0
BOTTOM OF THE 3RD
Brooklyn Dodgers batting - Pitching for Montana Pandas : LHP Walt Coffman
Batting: SHB Tommy Dreamer 0-0: Ball
1-0: Foul Ball, location: 2F
1-1: Ball
2-1: SINGLE (Groundball, 13S) (infield hit)
Batting: LHB Jérôme Masson 0-0: Fly out, F8 (Flyball, 8LM)
Batting: LHB Júlio Madrid 0-0: Ball
Tommy Dreamer steals 2nd base
1-0: Ground out 4-3 (Groundball, 34)
Tommy Dreamer to third
Batting: RHB Gerald Clark 0-0: Ball
1-0: Ground out 5-3 (Groundball, 56)
Bottom of the 3rd over - 0 runs, 1 hit, 0 errors, 1 left on base; Montana 1 - Brooklyn 0
TOP OF THE 4TH
Montana Pandas batting - Pitching for Brooklyn Dodgers : RHP Pablo De La Torre
Batting: RHB Gabriel Maldonado 0-0: Ball
1-0: SINGLE (Groundball, 6MD)
Batting: RHB Xi-ku See-to 0-0: Swinging Strike
0-1: Foul Ball, location: 2F
0-2: Ball
1-2: Grounds into double play, 5-4-3 (Groundball, 56)
Batting: LHB César Gómes 0-0: Ball
1-0: Fly out, F8 (Line Drive, 8RM)
Top of the 4th over - 0 runs, 1 hit, 0 errors, 0 left on base; Montana 1 - Brooklyn 0
BOTTOM OF THE 4TH
Brooklyn Dodgers batting - Pitching for Montana Pandas : LHP Walt Coffman
Batting: SHB Félix Medina 0-0: Ball
1-0: SINGLE (Groundball, 56S) (infield hit)
Batting: RHB Ilkka Haapajarvi 0-0: Ball
1-0: Ball
2-0: DOUBLE (Line Drive, 89D)
Félix Medina to third
Batting: LHB Frank Sharp 0-0: Foul Ball, location: 2F
0-1: Foul Ball, location: 2F
0-2: Ground out 6-3 (Groundball, 6)
Félix Medina scores
Ilkka Haapajarvi to third
Batting: SHB Peer van Lochem 0-0: Fly out, F9 (Flyball, 9S)
Batting: RHB Cooper Lowe 0-0: Ball
1-0: Foul Ball, location: 2F
1-1: Swinging Strike
1-2: Foul Ball, location: 2F
1-2: SINGLE (Flyball, 7LS)
Ilkka Haapajarvi scores
Batting: SHB Tommy Dreamer 0-0: Ball
1-0: Ball
2-0: Ball
3-0: Called Strike
3-1: Base on Balls
Cooper Lowe to second
Batting: LHB Jérôme Masson 0-0: Ball
1-0: Ground out 4-3 (Groundball, 4)
Bottom of the 4th over - 2 runs, 3 hits, 0 errors, 2 left on base; Montana 1 - Brooklyn 2
TOP OF THE 5TH
Montana Pandas batting - Pitching for Brooklyn Dodgers : RHP Pablo De La Torre
Batting: RHB Miguel Morán 0-0: Called Strike
0-1: Ball
1-1: Called Strike
1-2: SOLO HOME RUN (Flyball, 7LD), Distance : 342 ft
Batting: RHB Juanito González 0-0: Ball
1-0: Ground out 6-3 (Groundball, 6)
Batting: RHB Juan Jose Ayala 0-0: Swinging Strike
0-1: Foul Ball, location: 2F
0-2: Ball
1-2: Ball
2-2: Ground out U3 (Groundball, 3L)
Batting: RHB Mario Castillo 0-0: Ball
1-0: Called Strike
1-1: Called Strike
1-2: SINGLE (Flyball, 8RS)
Batting: LHB Preston Witt 0-0: Swinging Strike
0-1: Ball
1-1: Called Strike
1-2: Ball
2-2: Strikes out looking
Top of the 5th over - 1 run, 2 hits, 0 errors, 1 left on base; Montana 2 - Brooklyn 2
BOTTOM OF THE 5TH
Brooklyn Dodgers batting - Pitching for Montana Pandas : LHP Walt Coffman
Batting: LHB Júlio Madrid 0-0: Foul Ball, location: 2F
0-1: Called Strike
0-2: Fly out, F8 (Flyball, 8LM)
Batting: RHB Gerald Clark 0-0: Ball
1-0: DOUBLE (Flyball, 7D)
Batting: SHB Félix Medina 0-0: Ball
1-0: Called Strike
1-1: Fly out, F9 (Line Drive, 89D)
Now in RF: Jorge Alou
Batting: RHB Ilkka Haapajarvi 0-0: Ball
1-0: Ball
2-0: Ball
3-0: Base on Balls
Batting: LHB Frank Sharp 0-0: Called Strike
0-1: Ground out U3 (Groundball, 3L)
Bottom of the 5th over - 0 runs, 1 hit, 0 errors, 2 left on base; Montana 2 - Brooklyn 2
TOP OF THE 6TH
Montana Pandas batting - Pitching for Brooklyn Dodgers : RHP Pablo De La Torre
Batting: RHB António Martínez 0-0: Foul Ball, location: 2F
0-1: Foul Ball, location: 2F
0-2: Ball
1-2: Ground out 1-3 (Groundball, P)
Batting: RHB Gabriel Maldonado 0-0: Ball
1-0: SINGLE (Flyball, 78M)
Batting: RHB Xi-ku See-to 0-0: Called Strike
0-1: Swinging Strike
0-2: Ball
1-2: Ball
2-2: SINGLE (Line Drive, 6MD)
Gabriel Maldonado to second
Pitching: RHP Paco Manuel
Batting: LHB César Gómes 0-0: SINGLE (Groundball, 3D)
Gabriel Maldonado to third
Xi-ku See-to to second
Runner from 3rd tries for Home, SAFE, no throw
Batting: SHB Jorge Alou 0-0: Called Strike
0-1: Swinging Strike
0-2: Strikes out swinging
Batting: RHB Juanito González 0-0: Ball
1-0: Swinging Strike
1-1: Ball
2-1: Ground out 4-3 (Groundball, 4)
Top of the 6th over - 1 run, 3 hits, 0 errors, 2 left on base; Montana 3 - Brooklyn 2
BOTTOM OF THE 6TH
Brooklyn Dodgers batting - Pitching for Montana Pandas : LHP Walt Coffman
Batting: SHB Peer van Lochem 0-0: Ball
1-0: Foul Ball, location: 2F
1-1: Fly out, F7 (Flyball, 7S)
Batting: RHB Cooper Lowe 0-0: Called Strike
0-1: Foul Ball, location: 2F
0-2: Foul Ball, location: 2F
0-2: Fly out, F7 (Flyball, 7LSF)
Batting: SHB Tommy Dreamer 0-0: Ball
1-0: Ball
2-0: Ball
3-0: Called Strike
3-1: Swinging Strike
3-2: Ground out 5-3 (Groundball, 5)
Bottom of the 6th over - 0 runs, 0 hits, 0 errors, 0 left on base; Montana 3 - Brooklyn 2
TOP OF THE 7TH
Montana Pandas batting - Pitching for Brooklyn Dodgers : RHP Paco Manuel
Batting: RHB Juan Jose Ayala 0-0: Called Strike
0-1: Ball
1-1: Ball
2-1: Called Strike
2-2: Strikes out swinging
Batting: RHB Mario Castillo 0-0: Ball
1-0: Ball
2-0: Ball
3-0: Base on Balls
Batting: LHB Preston Witt 0-0: Ball
1-0: Called Strike
1-1: Ground out 4-3 (Groundball, 4MD)
Mario Castillo to second
Batting: RHB António Martínez 0-0: Ball
1-0: Ball
2-0: Fly out, F7 (Flyball, 7)
Top of the 7th over - 0 runs, 0 hits, 0 errors, 1 left on base; Montana 3 - Brooklyn 2
BOTTOM OF THE 7TH
Brooklyn Dodgers batting - Pitching for Montana Pandas : LHP Walt Coffman
Batting: LHB Jérôme Masson 0-0: Ball
1-0: Fly out, F5 (Popup, 56S)
Batting: LHB Júlio Madrid 0-0: Ball
1-0: Foul Ball, location: 2F
1-1: Foul Ball, location: 2F
1-2: Ball
2-2: Strikes out swinging
Batting: RHB Gerald Clark 0-0: Ball
1-0: Reached on error, E5 (Groundball, 5)
Batting: SHB Félix Medina 0-0: Ball
1-0: Called Strike
1-1: Called Strike
1-2: Foul Ball, location: 2F
1-2: Fly out, F8 (Flyball, 8LM)
Bottom of the 7th over - 0 runs, 0 hits, 1 error, 1 left on base; Montana 3 - Brooklyn 2
TOP OF THE 8TH
Montana Pandas batting - Pitching for Brooklyn Dodgers : RHP Paco Manuel
Batting: RHB Gabriel Maldonado 0-0: Called Strike
0-1: Called Strike
0-2: Strikes out swinging
Batting: RHB Xi-ku See-to 0-0: Ball
1-0: Fly out, F7 (Flyball, 7S)
Batting: LHB César Gómes 0-0: Swinging Strike
0-1: Fly out, F6 (Popup, 6MS)
Top of the 8th over - 0 runs, 0 hits, 0 errors, 0 left on base; Montana 3 - Brooklyn 2
BOTTOM OF THE 8TH
Brooklyn Dodgers batting - Pitching for Montana Pandas : LHP Walt Coffman
Pitching: RHP Yeon-kyu Kim
Batting: RHB Ilkka Haapajarvi 0-0: Called Strike
0-1: Ball
1-1: Called Strike
1-2: Ball
2-2: Ball
3-2: Ground out 4-3 (Groundball, 34)
Batting: LHB Frank Sharp 0-0: Swinging Strike
0-1: SINGLE (Flyball, 7LS)
Batting: SHB Peer van Lochem 0-0: Ball
1-0: Ball
2-0: Foul Ball, location: 2F
2-1: Called Strike
2-2: Fly out, F9 (Flyball, 9D)
Runner from 1st tags up, SAFE at 2nd
Pinch Hitting: LHB Avon Barksdale 0-0: Ball
1-0: Ball
2-0: Ball
3-0: Called Strike
3-1: Base on Balls
Pinch Hitting: LHB Hugh Hill 0-0: Foul Ball, location: 2F
0-1: Ball
1-1: Ball
2-1: Swinging Strike
2-2: Foul Ball, location: 2F
2-2: Foul Ball, location: 2F
2-2: Ball
3-2: Strikes out swinging
Bottom of the 8th over - 0 runs, 1 hit, 0 errors, 2 left on base; Montana 3 - Brooklyn 2
TOP OF THE 9TH
Montana Pandas batting - Pitching for Brooklyn Dodgers : RHP Paco Manuel
Now at 1B: Avon Barksdale
Now at 3B: Hugh Hill
Batting: SHB Jorge Alou 0-0: Called Strike
0-1: Ball
1-1: Called Strike
1-2: Ball
2-2: Foul Ball, location: 2F
2-2: Foul Ball, location: 2F
2-2: Strikes out looking
Batting: RHB Juanito González 0-0: Ground out 6-3 (Groundball, 6M)
Batting: RHB Juan Jose Ayala 0-0: Foul Ball, location: 2F
0-1: Foul Ball, location: 2F
0-2: SINGLE (Groundball, 25) (infield hit)
Batting: RHB Mario Castillo 0-0: SINGLE (Flyball, 4MD)
Juan Jose Ayala to second
Runner from 2nd tries for 3rd, SAFE, no throw
Pinch Runner at 3rd Pau Arria:
Batting: LHB Preston Witt 0-0: Called Strike
0-1: Foul Ball, location: 2F
0-2: Ball
1-2: Foul Ball, location: 2F
1-2: Ball
2-2: Ball
3-2: Base on Balls
Mario Castillo to second
Batting: RHB António Martínez 0-0: Called Strike
0-1: Swinging Strike
0-2: Ball
1-2: Ball
2-2: Ball
3-2: Ground out 5-3 (Groundball, 56)
Top of the 9th over - 0 runs, 2 hits, 0 errors, 3 left on base; Montana 3 - Brooklyn 2
BOTTOM OF THE 9TH
Brooklyn Dodgers batting - Pitching for Montana Pandas : RHP Yeon-kyu Kim
Now at SS: Pau Arria
Batting: LHB Jérôme Masson 0-0: Ball
1-0: Ball
2-0: Ball
3-0: Called Strike
3-1: Called Strike
3-2: Foul Ball, location: 2F
3-2: SINGLE (Flyball, 8LS)
Batting: LHB Júlio Madrid 0-0: Bunted foul
0-1: Ball
1-1: Bunted foul
1-2: Fly out, F5 (Line Drive, 5)
Batting: RHB Gerald Clark 0-0: Ball
1-0: Foul Ball, location: 2F
1-1: Ground out U3 (Groundball, 3S)
Jérôme Masson to second
Batting: SHB Félix Medina 0-0: Swinging Strike
0-1: Ball
1-1: Swinging Strike
1-2: Foul Ball, location: 2F
1-2: Ground out U3 (Groundball, 3L)
Bottom of the 9th over - 0 runs, 1 hit, 0 errors, 1 left on base; Montana 3 - Brooklyn 2
Friday, March 29th, 2019 - OOTP Baseball 18.8 Build 76